 Dungeon Crawl Stone Soup version 0.31-a0-152-g6aa68a64a1 (webtiles) character file.

Game seed: 17596318898703324393

222 qw the Shooter (level 5, -6/46 HPs)
             Began as a Minotaur Hunter on June 10, 2023.
             Killed by divine providence
             ... invoked by an orc priest
              (16 damage)
             ... on level 4 of the Dungeon.
             The game lasted 00:01:08 (2546 turns).

qw the Shooter (Minotaur Hunter)                    Turns: 2546, Time: 00:01:09

Health: -6/46      AC:  5    Str: 20    XL:     5   Next: 66%
Magic:  4/4        EV: 11    Int:  5    God:
Gold:   157        SH:  0    Dex: 14    Spells: 4/4 levels left

rFire   . . .        Y - +1 shortbow
rCold   + . .        (shield currently unavailable)
rNeg    + . .        k - +0 ring mail
rPois   .            (helmet unavailable)
rElec   .            (no cloak)
rCorr   .            (no gloves)
SInv    +            (no boots)
Will    .....        (no amulet)
Stlth   +            f - ring of positive energy
HPRegen 0.27/turn    j - ring of see invisible
MPRegen 0.09/turn

%: no passive effects
@: about to teleport
A: horns 3, retaliatory headbutt, cold resistance 1, strong 1
a: no special abilities


You were on level 4 of the Dungeon.
You visited 1 branch of the dungeon, and saw 4 of its levels.

You collected 157 gold pieces.


Innate Abilities, Weirdness & Mutations

You have a pair of large horns on your head.
You reflexively headbutt those who attack you in melee.
Your flesh is cold resistant. (rC+)
Your muscles are strong. (Str +4, Int/Dex -1)


   Skills:
 - Level 4.2 Fighting
 + Level 6.3 Ranged Weapons
 - Level 2.8 Armour
 - Level 2.1 Dodging
 - Level 0.7 Stealth


You had 4 spell levels left.
You didn't know any spells.
Your spell library was empty.

Inventory:

Hand Weapons
 Y - a +1 shortbow (weapon)
Armour
 k - a +0 ring mail (worn)
Jewellery
 d - a +6 ring of intelligence
 f - a ring of positive energy (left hand)
 j - a ring of see invisible (right hand)
Wands
 b - a wand of digging (5)
Scrolls
 a - 2 scrolls of identify
Potions
 c - 2 potions of haste {unknown}
 e - a potion of mutation
 g - a potion of lignification {unknown}
 h - a potion of enlightenment {unknown}
 i - a potion of curing {unknown}

Dungeon Overview and Level Annotations

Branches:
Dungeon (4/15)
 Temple: D:4-7

Altars:
Yredelemnul


Message History

The arrow hits the kobold but does no damage.
The kobold closely misses you. The orc misses you.
You shoot an arrow. The arrow hits the kobold.
The kobold is moderately wounded.
The kobold hits you with a +0 short sword.
The orc barely misses you. The kobold misses you. The orc misses you.
You shoot an arrow. The arrow hits the kobold!
You kill the kobold!
The orc misses you.
You shoot an arrow. The arrow hits the orc priest!
The orc priest is heavily wounded.
The orc priest begins to cast a cantrip, but forgets the words!
The orc hits you with a +0 dagger.
You shoot an arrow.
The arrow closely misses the orc priest.
The orc misses you.
The orc priest mumbles some strange prayers to Beogh against you.
Pain shoots through your body!
You shoot an arrow. The arrow hits the orc priest.
The orc priest is almost dead.
The orc misses you.
The orc priest hits you with a +0 short sword.
You shoot an arrow. The arrow barely misses the orc priest.
The orc barely misses you.
The orc priest invokes the aid of Beogh against you.
Pain shoots through your body!
You shoot an arrow.
The arrow hits the orc priest but does no damage.
The orc priest is almost dead.
The orc priest hits you with a +0 short sword.
The orc misses you.
The orc priest hits you with a +0 short sword.
The orc hits you but does no damage.
2546 ||| READING scroll of teleportation.
As you read the scroll of teleportation, it crumbles to dust.
You feel strangely unstable. The orc hits you but does no damage.
The orc priest calls down the wrath of Beogh upon you.
Beogh smites you!
You die...

#.#...:...#
#.#.......#
#.#.......#
#.##.....## #..##...##
##..##'#######+#######
##...................
#.........[.........
#..).......o@)......
####)#######o#######
##...## .). ##.....##
..... #.......#.......
#.......#.......#
#.../...#...)...#
##.....###.....##
##...##


You could see an orc priest and an orc.

Vanquished Creatures
  A scorpion (D:4)
  An orc wizard (D:3)
  3 adders
  3 worms
  2 dart slugs
  11 orcs
  6 ball pythons
  6 bats
  7 endoplasms
  4 giant cockroaches
  8 goblins
  9 hobgoblins
  12 kobolds
  2 quokkas (D:2)
  2 frilled lizards
  6 rats
83 creatures vanquished.

Notes
Turn   | Place    | Note
-------+----------+-------------------------------------------
     0 | D:1      | qw the Minotaur Hunter began the quest for the Orb.
     0 | D:1      | Reached XP level 1. HP: 18/18 MP: 0/0
     0 | D:1      | 0 ||| qw: Version: 0.2-a-122-gbc61b45
     0 | D:1      | 0 ||| qw: Game counter: 3625
     0 | D:1      | 0 ||| qw: Always use a shield: true
     0 | D:1      | 0 ||| qw: God list: Okawaru
     0 | D:1      | 0 ||| qw: Allow faded altars: false
     0 | D:1      | 0 ||| qw: Do Orc after D:15 true
     0 | D:1      | 0 ||| qw: Do second Lair branch before Depths: true
     0 | D:1      | 0 ||| qw: Lair rune preference: random
     0 | D:1      | 0 ||| qw: Plans: Normal
     0 | D:1      | 0 ||| PLANNING D:1-11
   143 | D:1      | Reached XP level 2. HP: 25/25 MP: 1/1
   170 | D:1      | Reached skill level 5 in Ranged Weapons
   566 | D:1      | Reached skill level 3 in Fighting
   677 | D:1      | 677 ||| READING 2 scrolls labelled GEKHLADDOOTE.
   678 | D:1      | 678 ||| READING scroll labelled JUL YRPHEGYX.
   681 | D:1      | 681 ||| DROPPING scroll of butterflies.
   739 | D:2      | Reached XP level 3. HP: 31/31 MP: 2/2
  1090 | D:2      | Found a faded altar of an unknown god.
  1091 | D:2      | 1091 ||| UPGRADING to ring of positive energy.
  1092 | D:2      | 1092 ||| READING scroll labelled WOUCRO TYJESHRI.
  1093 | D:2      | 1093 ||| READING scroll labelled OMATEMACECH.
  1340 | D:3      | Reached skill level 6 in Ranged Weapons
  1340 | D:3      | Reached XP level 4. HP: 35/38 MP: 3/3
  1368 | D:3      | Found a basalt altar of Yredelemnul.
  1895 | D:3      | Reached XP level 5. HP: 46/46 MP: 4/4
  2104 | D:3      | 2104 ||| UPGRADING to +0 ring mail.
  2114 | D:3      | 2114 ||| DROPPING +0 leather armour.
  2115 | D:3      | 2115 ||| UPGRADING to ring of see invisible.
  2116 | D:3      | 2116 ||| READING scroll labelled DEENTU PELO.
  2117 | D:3      | 2117 ||| DRINKING 2 golden potions.
  2117 | D:3      | Gained mutation: Your muscles are strong. (Str +4, Int/Dex
                  | -1) [potion of mutation]
  2117 | D:3      | Gained mutation: You have a pair of large horns on your
                  | head. [potion of mutation]
  2117 | D:3      | Gained mutation: Your flesh is cold resistant. (rC+)
                  | [potion of mutation]
  2118 | D:3      | 2118 ||| DRINKING 2 fizzy clear potions.
  2119 | D:3      | 2119 ||| READING 2 scrolls of identify.
  2119 | D:3      | 2119 ||| IDENTIFYING emerald potion
  2120 | D:3      | 2120 ||| DROPPING potion of degeneration.
  2121 | D:3      | 2121 ||| DROPPING potion of magic.
  2545 | D:4      | HP: 10/46 [orc priest/+0 short sword (3)]
  2546 | D:4      | 2546 ||| READING scroll of teleportation.
  2546 | D:4      | Killed from afar by an orc priest

Levels and vault maps discovered:
D:1:      onia_arrival_pentagram, layout_basic, hangedman_decor_slide_cut,
          minmay_misc_feat_roman
D:2:      layout_loops_ring, shapermc_ecumenical_altar_notcrosses
D:3:      layout_basic, mainiacjoe_overflow_cross_hatched, grunt_ministairs_8,
          kennysheep_flooded_box
D:4:      kennysheep_six_static_rooms, layout_basic, minmay_misc_feat_x

Skill      XL: |  1  2  3  4  5 |
---------------+----------------+-----
Ranged Weapons | 5 6 |  6.3
Fighting       | 3 4 |  4.2
Armour         | 2 |  2.8
Dodging        | |  2.1
Stealth        | |  0.7

Action                     |  1- 3 |  4- 6 || total
---------------------------+-------+-------++-------
   Fire: Shortbow          |   126 |   140 ||   266
    Use: Scroll            |     4 |     3 ||     7
         Potion            |       |     2 ||     2
 Armour: Leather armour    |     9 |     4 ||    13
         Ring mail         |       |    13 ||    13
  Dodge: Dodged            |    23 |    37 ||    60

Table legend:
 A = Non-vault XP
 B = Vault XP
 C = Vault XP percentage of total XP
 D = Non-vault monster count
 E = Vault monster count
 F = Vault count percentage of total count
                 A         B        C        D         E       F
            +---------+---------+-------+---------+---------+-------
      Total |     305 |      13 |   4.1 |      78 |       5 |   6.0
            +---------+---------+-------+---------+---------+-------
        D:1 |      35 |       0 |   0.0 |      21 |       0 |   0.0
        D:2 |      58 |       0 |   0.0 |      22 |       0 |   0.0
        D:3 |      97 |       7 |   6.7 |      21 |       2 |   8.7
        D:4 |     115 |       6 |   5.0 |      14 |       3 |  17.6
            +---------+---------+-------+---------+---------+-------
